 Dungeon Crawl Stone Soup version 0.20-a0 (webtiles) character file.

17191 poirepourri the Unseen (level 12, -6/55 HPs)
             Began as a Spriggan Enchanter on Oct 27, 2016.
             Was an Initiate of Ashenzari.
             Mangled by Rupert
             ... wielding a +8 great sword of electrocution
              (43 damage)
             ... on level 11 of the Dungeon.
             The game lasted 00:28:46 (17862 turns).

poirepourri the Unseen (Spriggan Enchanter)        Turns: 17862, Time: 00:28:47

Health: -6/55      AC:  6    Str:  4    XL:     12   Next: 16%
Magic:  18/28      EV: 24    Int: 17    God:    Ashenzari [......]
Gold:   285        SH:  0    Dex: 21    Spells: 6 memorised, 19 levels left

rFire  . . .     SeeInvis +     y - +2 dagger (freeze)
rCold  . . .     Gourm    .     K - +2 robe {MR+}
rNeg   . . .     Faith    .     (shield restricted)
rPois  .         Spirit   .     (helmet restricted)
rElec  .         Reflect  .     q - +1 cloak
rCorr  +         Harm     .     (gloves unavailable)
MR     +++..                    (boots unavailable)
Stlth  +++++++...               (no amulet)
                                A - ring of resist corrosion
                                F - -4 ring of slaying (curse)

@: very quick
A: unfitting armour, see invisible, herbivore 3, speed 3, slow metabolism 2
a: Curse Item, Renounce Religion


You were on level 11 of the Dungeon.
You worshipped Ashenzari.
Ashenzari was noncommittal.
You were not hungry.

You visited 2 branches of the dungeon, and saw 13 of its levels.

You collected 667 gold pieces.
You spent 382 gold pieces at shops.

Inventory:

Hand Weapons
 a - a +0 blowgun
 y - a +2 dagger of freezing (weapon)
 S - a cursed -1 dagger
Missiles
 P - 17 poisoned needles
Armour
 q - a +1 cloak (worn)
 K - a +2 robe of magic resistance (worn)
 L - a cursed -2 buckler
Jewellery
 A - a ring of resist corrosion (right hand)
 F - a cursed -4 ring of slaying (left hand)
 G - a +3 ring of strength
 Q - an uncursed ring of wizardry
Wands
 p - a wand of flame (15/48)
 s - a wand of paralysis (13/24)
 C - a wand of slowing (31/48)
 H - a wand of acid (6/15)
 O - a wand of polymorph (13/24)
Scrolls
 d - a scroll of magic mapping
 k - a scroll of recharging
 t - 2 scrolls of fog
 v - a scroll of amnesia
 D - a scroll of fear
Potions
 b - a potion of brilliance
 e - a potion of mutation
 h - a potion of magic
 j - 2 potions of degeneration
 m - a potion of cure mutation {unknown}
 n - 3 potions of lignification
 o - 3 potions of curing
 u - a potion of cancellation
 w - a potion of beneficial mutation {unknown}
 z - a potion of invisibility {unknown}
 B - 2 potions of agility
 I - 2 potions of flight
 J - a potion of might {unknown}
 N - a potion of resistance
Books
 c - a book of Maledictions

   Spells                             Type                      Level
   a - Corona                         Hexes                        1
   b - Ensorcelled Hibernation        Hexes/Ice                    2
   c - Confuse                        Hexes                        3
   d - Tukima's Dance                 Hexes                        3
   e - Dazzling Spray                 Conjuration/Hexes            3
 l - a book of Changes

   Spells                             Type                      Level
   a - Beastly Appendage              Transmutation                1
   b - Sticks to Snakes               Transmutation                2
   c - Spider Form                    Transmutation/Poison         3
   d - Ice Form                       Ice/Transmutation            4
   e - Blade Hands                    Transmutation                5
 E - a book of Misfortune

   Spells                             Type                      Level
   a - Confusing Touch                Hexes                        1
   b - Confuse                        Hexes                        3
   c - Gell's Gravitas                Hexes/Translocation          3
   d - Petrify                        Transmutation/Earth          4
   e - Metabolic Englaciation         Hexes/Ice                    5
   f - Yara's Violent Unravelling     Hexes/Transmutation          5
 M - a book of Callings

   Spells                             Type                      Level
   a - Summon Small Mammal            Summoning                    1
   b - Call Imp                       Summoning                    2
   c - Call Canine Familiar           Summoning                    3
   d - Summon Guardian Golem          Hexes/Summoning              3
   e - Summon Lightning Spire         Summoning/Air                4
   f - Summon Ice Beast               Ice/Summoning                4
 R - Rycerhee's Easy Witchcraft
   (You found it on level 9 of the Dungeon)

   Spells                             Type                      Level
   a - Swiftness                      Charms/Air                   2
   b - Throw Flame                    Conjuration/Fire             2
   c - Ensorcelled Hibernation        Hexes/Ice                    2
   d - Slow                           Hexes                        2
   e - Sticks to Snakes               Transmutation                2
Comestibles
 g - 7 royal jellies
 i - a slice of pizza
 r - 5 bread rations
 x - 8 fruits


   Skills:
 + Level 2.3 Fighting
 + Level 6.0 Short Blades
 + Level 6.9 Dodging
 + Level 17.0 Stealth
 + Level 11.5 Spellcasting
 + Level 1.8 Conjurations
 + Level 11.0 Hexes
 - Level 5.0 Ice Magic


You had 19 spell levels left.
You knew the following spells:

 Your Spells              Type           Power        Failure   Level  Hunger
a - Corona                Hex            #####..      1%          1    None
b - Ensorcelled Hibernat  Hex/Ice        #####.       1%          2    None
c - Confuse               Hex            #####...     1%          3    None
d - Tukima's Dance        Hex            #####...     1%          3    None
e - Dazzling Spray        Conj/Hex       ####..       1%          3    None
f - Summon Guardian Gole  Hex/Summ       ####....     2%          3    None


Dungeon Overview and Level Annotations

Branches:
Dungeon (12/15)            Temple (1/1) D:5            Lair (0/6) D:11
    Orc (0/2) D:9

Altars:
Ashenzari
Cheibriados
Dithmenos
Elyvilon
Fedhas
Gozag
Hepliaklqana
Kikubaaqudgha
Makhleb
Nemelex Xobeh
Okawaru
Qazlal
Ru
Sif Muna
Trog
Uskayaw
Vehumet
Xom
Yredelemnul
Zin
The Shining One

Shops:
D:7 ?   D:9 *   D:10 [   D:11 (

Annotations:
D:11 Rupert
D:12 Maurice


Innate Abilities, Weirdness & Mutations

You are very small and have problems with some larger weapons.
You are too small for most types of armour.
You have supernaturally acute eyesight. (SInv)
You are a herbivore.
You cover ground extremely quickly.
You need consume almost no food.


Message History

Rupert goes berserk!
Casting: Dazzling Spray
Confirm with . or Enter, or press ? or * to list all spells.
Aiming: Dazzling Spray
Press: ? - help, Shift-Dir - straight line, f/p - Rupert
Aim: Rupert, wielding a great sword of electrocution and wearing a ring mail of cold resistance (lightly wounded, berserk, fast, unusually strong)
The spray of energy hits Rupert.
Rupert is lightly wounded.
Rupert rages.
Okay, then.
Casting: Dazzling Spray
Confirm with . or Enter, or press ? or * to list all spells.
Aiming: Dazzling Spray
Press: ? - help, Shift-Dir - straight line, f/p - Rupert
Aim: Rupert, wielding a great sword of electrocution and wearing a ring mail of cold resistance (lightly wounded, berserk, fast, unusually strong)
The spray of energy hits Rupert.
Rupert is lightly wounded.
Rupert hits you with a great sword of electrocution!!!
Ouch! That really hurt!
You die...

############ #.# #..[
#..........# #.# ##<..
#..........#####.###....
#.......)...............
#..........#####.##.....
#..........# #.......(
#..........# #.##.....
#......@...# #.##.....
#######@########.###....
######### #.......##.#......
#.8..8.8# #.................
#8_..._.# #.......##..#.....
#.......#####.......###.#.....
#8.........8#.......# #.......
#._..._.....'.......# ###.....
#8.........8#.......#####.#...
#.......#####.......##........


You could see Rupert (berserk).

Vanquished Creatures
  Harold (D:11)
  Fannar (D:11)
  Erolcha (D:9)
  Erica (D:9)
  The ghost of motku89 the Basher, a novice OpFi of Makhleb (D:8)
  Nergalle (D:10)
  3 hill giants
  A necromancer (D:9)
  2 ugly things (D:11)
  Psyche (D:9)
  A gargoyle (D:11)
  A komodo dragon (D:10)
  A queen bee (D:8)
  2 two-headed ogres
  3 hippogriffs
  A shadow (D:11)
  2 wraiths
  9 yaks
  Grum (D:10)
  3 wargs
  A mottled dragon (D:9)
  Duvessa (D:5)
  4 orc warriors
  A black bear (D:11)
  4 ice beasts
  4 phantoms
  A sky beast (D:8)
  7 ogres
  An eye of draining (D:10)
  2 wolves (D:10)
  5 centaurs
  8 bullfrogs
  A big kobold (D:11)
  A wyvern zombie (D:11)
  Dowan (D:5)
  6 scorpions
  A water moccasin skeleton (D:8)
  14 killer bees
  3 wights (D:10)
  2 howler monkeys (D:9)
  8 crimson imps
  A bullfrog zombie (D:11)
  3 hounds (D:8)
  A quasit (D:9)
  A bullfrog skeleton (D:9)
  5 jellies
  5 orc priests
  Crazy Yiuf (D:3)
  2 centaur skeletons
  Jessica (D:3)
  5 iguanas
  Natasha (thrice) (D:3)
  7 orc wizards
  6 worker ants
  2 killer bee zombies (D:9)
  2 hound skeletons (D:9)
  3 gnolls (D:2)
  12 adders
  7 shadow imps
  3 oozes
  2 adder zombies (D:6)
  A worm (D:2)
  2 dart slugs
  9 leopard geckos
  22 orcs
  2 ball pythons
  6 giant cockroaches
  6 goblins
  10 hobgoblins
  15 jackals
  5 kobolds
  3 quokkas
  7 bats
  3 frilled lizards
  A jackal skeleton (D:3)
  A quokka zombie (D:5)
  10 rats
  A spectral orc (D:3)
289 creatures vanquished.

Notes
Turn   | Place    | Note
-------+----------+-------------------------------------------
     0 | D:1      | poirepourri the Spriggan Enchanter began the quest for the Orb.
     0 | D:1      | Reached XP level 1. HP: 9/9 MP: 5/5
   693 | D:1      | Reached skill level 5 in Stealth
   787 | D:1      | Reached XP level 2. HP: 13/13 MP: 6/6
   827 | D:1      | Learned a level 2 spell: Ensorcelled Hibernation
  1500 | D:2      | Reached XP level 3. HP: 16/16 MP: 2/8
  1505 | D:2      | Learned a level 3 spell: Confuse
  1998 | D:2      | Reached skill level 6 in Stealth
  2052 | D:2      | Reached XP level 4. HP: 21/21 MP: 0/9
  2064 | D:2      | Learned a level 3 spell: Tukima's Dance
  3650 | D:3      | Found a runed door.
  3814 | D:3      | Noticed Natasha
  3816 | D:3      | Killed Natasha
  3816 | D:3      | Reached XP level 5. HP: 24/24 MP: 11/11
  3848 | D:3      | Noticed Jessica
  3854 | D:3      | Killed Jessica
  3854 | D:3      | Reached skill level 1 in Ice Magic
  3942 | D:3      | Noticed an orc warrior
  4044 | D:3      | Killed an orc warrior
  4044 | D:3      | Reached skill level 7 in Stealth
  4044 | D:3      | Reached XP level 6. HP: 18/29 MP: 1/12
  4366 | D:3      | Learned a level 3 spell: Dazzling Spray
  4450 | D:3      | Found a basalt altar of Yredelemnul.
  4634 | D:3      | Noticed Natasha
  4640 | D:3      | Killed Natasha
  4786 | D:3      | Noticed Natasha
  4797 | D:3      | Killed Natasha
  5402 | D:3      | Found a shimmering altar of Xom.
  5402 | D:3      | Found a sparkling altar of Nemelex Xobeh.
  5403 | D:3      | Found a shadowy altar of Dithmenos.
  5441 | D:3      | Noticed Crazy Yiuf
  5463 | D:3      | Killed Crazy Yiuf
  5614 | D:4      | Reached skill level 5 in Hexes
  5831 | D:4      | Reached XP level 7. HP: 14/32 MP: 5/14
  6857 | D:5      | Entered Level 5 of the Dungeon
  6887 | D:5      | Reached skill level 8 in Stealth
  6932 | D:5      | Found a staircase to the Ecumenical Temple.
  6938 | Temple   | Entered the Ecumenical Temple
  7068 | D:5      | Noticed Duvessa
  7068 | D:5      | Noticed Dowan
  7073 | D:5      | Killed Duvessa
  7073 | D:5      | Reached skill level 5 in Spellcasting
  7075 | D:5      | Killed Dowan
  7075 | D:5      | Reached skill level 1 in Fighting
  7494 | D:5      | Reached skill level 9 in Stealth
  7494 | D:5      | Reached XP level 8. HP: 25/37 MP: 15/17
  9375 | D:6      | Noticed a hippogriff
  9383 | D:6      | Killed a hippogriff
  9383 | D:6      | Reached skill level 10 in Stealth
  9850 | D:7      | Reached XP level 9. HP: 41/41 MP: 7/20
 10042 | D:7      | Found Yhanutio's Magic Scroll Shoppe.
 10326 | D:7      | Reached skill level 11 in Stealth
 10378 | D:7      | Bought a scroll of enchant armour for 105 gold pieces
 10378 | D:7      | Bought a scroll of enchant armour for 105 gold pieces
 10378 | D:7      | Bought a scroll of remove curse for 42 gold pieces
 10644 | D:8      | Found an opulent altar of Gozag.
 10661 | D:8      | Noticed a queen bee
 10675 | D:8      | Killed a queen bee
 10675 | D:8      | Reached skill level 1 in Conjurations
 10707 | D:8      | Reached skill level 12 in Stealth
 10975 | D:8      | Reached skill level 5 in Dodging
 11165 | D:8      | Noticed motku89's ghost (novice OpFi)
 11237 | D:8      | Killed motku89's ghost
 11237 | D:8      | Reached XP level 10. HP: 46/46 MP: 19/22
 11734 | D:8      | Found a deep blue altar of Sif Muna.
 11804 | D:8      | Reached skill level 5 in Short Blades
 12165 | D:9      | Reached skill level 13 in Stealth
 12176 | D:9      | Found a staircase to the Orcish Mines.
 12314 | D:9      | Noticed Psyche
 12317 | D:9      | Killed Psyche
 12322 | D:9      | Found a shattered altar of Ashenzari.
 12399 | D:9      | Became a worshipper of Ashenzari the Shackled
 12873 | D:9      | Noticed Erolcha
 12880 | D:9      | Killed Erolcha
 12880 | D:9      | Reached skill level 14 in Stealth
 12880 | D:9      | Reached skill level 5 in Ice Magic
 12881 | D:9      | Found Xoyleg's General Store.
 12896 | D:9      | Bought a potion of resistance for 130 gold pieces
 13266 | D:9      | Found an iron altar of Okawaru.
 13266 | D:9      | Noticed Erica
 13284 | D:9      | Killed Erica
 13289 | D:9      | Reached XP level 11. HP: 50/50 MP: 19/25
 13500 | D:9      | Noticed a necromancer
 13512 | D:9      | Killed a necromancer
 13794 | D:9      | Identified Rycerhee's Easy Witchcraft
 13819 | D:9      | Learned a level 3 spell: Summon Guardian Golem
 13839 | D:10     | Entered Level 10 of the Dungeon
 13882 | D:10     | Found Viap's Armour Shop.
 13887 | D:10     | Noticed Nergalle
 13894 | D:10     | Killed Nergalle
 13894 | D:10     | Reached skill level 15 in Stealth
 14400 | D:10     | Noticed Grum
 14404 | D:10     | Killed Grum
 15037 | D:11     | Noticed Harold
 15037 | D:11     | Noticed a brown ugly thing
 15041 | D:11     | Noticed a purple ugly thing
 15042 | D:11     | Killed a brown ugly thing
 15042 | D:11     | Reached skill level 10 in Spellcasting
 15042 | D:11     | Reached skill level 10 in Hexes
 15054 | D:11     | Found Ciav's Antique Weapon Shop.
 15054 | D:11     | Noticed a hill giant
 15082 | D:11     | Found a shimmering altar of Xom.
 15084 | D:11     | Found a burning altar of Makhleb.
 15084 | D:11     | Found an iron altar of Okawaru.
 15087 | D:11     | Found a burning altar of Makhleb.
 15087 | D:11     | Found a deep blue altar of Sif Muna.
 15087 | D:11     | Found a burning altar of Makhleb.
 15112 | D:11     | Killed Harold
 15154 | D:11     | Killed a purple ugly thing
 15154 | D:11     | Reached skill level 16 in Stealth
 16443 | D:11     | Killed a hill giant
 16700 | D:11     | Noticed Fannar
 16964 | D:11     | Killed Fannar
 16964 | D:11     | Reached XP level 12. HP: 53/55 MP: 20/28
 17430 | D:11     | Found a staircase to the Lair.
 17624 | D:12     | Noticed Rupert
 17627 | D:12     | Noticed Maurice
 17631 | D:12     | Reached skill level 17 in Stealth
 17862 | D:11     | Mangled by Rupert

Vault maps used:
D:1:      moated_graveyard_arrival
D:2:      minmay_misc_feat_secret_circle, minmay_quantized
D:3:      yredelemnul_forgotten_temple_becter, gammafunk_temple_overflow_claw,
          uniq_jessica, uniq_natasha, uniq_crazy_yiuf_cottage
D:4:      first_bread
D:5:      uniq_duvessa
D:7:      serial_shops, shop
D:8:      kennysheep_little_box, nicolae_gozag_seed_capital, david_nohive_1
D:9:      okawaru_ov_weapons_minmay, ashenzari_altar_1, orc_0_dummy,
          serial_shops, shop, kennysheep_just_a_vault, uniq_psyche,
          uniq_erolcha, uniq_erica
D:10:     serial_shops, shop_fountains, uniq_grum, uniq_nergalle
D:11:     erik_lair_orcish_takeover, serial_shops, shop, doesnt_xom_only_xom,
          uniq_harold, uniq_fannar
D:12:     lemuel_slime, serial_shops, shop, enter_bailey_7, uniq_kirke,
          uniq_maurice, uniq_rupert, uniq_sonja
Temple:   dshaligram_water_room_temple

Skill      XL: |  1  2  3  4  5  6  7  8  9 10 11 12 |
---------------+-------------------------------------+-----
Stealth        | 5 6 7 9 10 12 14 16 17 | 17.0
Spellcasting   | 3 4 5 6 7 9 11 | 11.5
Hexes          | 4 5 6 8 9 10 11 | 11.0
Short Blades   | 2 3 4 5 6 |  6.0
Ice Magic      | 1 2 3 4 5 |  5.0
Dodging        | 4 5 6 |  6.9
Fighting       | 1 2 |  2.3
Conjurations   | 1 |  1.8

Action                   |  1- 3 |  4- 6 |  7- 9 | 10-12 || total
-------------------------+-------+-------+-------+-------++-------
Melee: Dagger            |    83 |   129 |   194 |   298 ||   704
 Cast: Ensorcelled Hiber |    13 |    51 |    88 |   141 ||   293
       Confuse           |       |     8 |    12 |    57 ||    77
       Dazzling Spray    |       |     4 |    16 |    28 ||    48
       Summon Guardian G |       |       |       |     1 ||     1
  Use: Scroll            |     5 |     2 |    15 |     8 ||    30
       Potion            |       |     1 |     3 |     3 ||     7
 Stab: Sleeping          |    16 |    30 |    65 |    93 ||   204
       Confused          |       |     6 |     9 |    31 ||    46
       Distracted        |       |     1 |       |     1 ||     2
       Invisible         |       |       |     1 |     1 ||     2
  Eat: Bread ration      |       |     1 |     1 |     1 ||     3
       Pizza             |       |     1 |     1 |       ||     2
Armor: Robe              |    23 |    20 |    18 |    30 ||    91
Dodge: Dodged            |    76 |   121 |   170 |   241 ||   608
